 Dungeon Crawl Stone Soup version 0.19.1 (webtiles) character file.

103436 kae the Black Belt (level 15, 0/123 HPs)
             Began as a Demonspawn Monk on Dec 18, 2016.
             Was a High Priest of Okawaru.
             Slain by an orc knight
             ... wielding a +0 great sword of draining
              (4 damage)
             ... on level 2 of the Orcish Mines.
             The game lasted 00:50:19 (39899 turns).

kae the Black Belt (Demonspawn Monk)               Turns: 39899, Time: 00:50:19

Health: 0/123      AC: 17    Str: 12    XL:     15   Next: 89%
Magic:  23/23      EV: 20    Int: 26    God:    Okawaru [*****.]
Gold:   2080       SH:  3    Dex: 20    Spells: 0 memorised, 14 levels left

rFire  . . .     SeeInvis +       - Unarmed
rCold  . . .     Gourm    .     G - +1 scale mail of the Big Bang {Regen+}
rNeg   . . .     Faith    .     (no shield)
rPois  +         Spirit   .     C - +2 helmet
rElec  +         Reflect  +     (no cloak)
rCorr  .         Harm     .     y - +2 pair of gloves
MR     ++...                    (no boots)
Stlth  +++++.....               W - +3 amulet of reflection
                                u - ring of Gozag's Benevolence {rElec Int+7 SInv}
                                k - ring "Heize" {rElec rPois MR+ Int+4}

@: heroism, heavily drained
A: talons 2, repulsion field 1, clever 1, demonic guardian 2, nightstalker 3, no
device heal 1
a: Heroism, Finesse, Renounce Religion


You were on level 2 of the Orcish Mines.
You worshipped Okawaru.
Okawaru was extremely pleased with you.
You were not hungry.

You visited 3 branches of the dungeon, and saw 23 of its levels.
You also visited: Bailey.

You collected 2116 gold pieces.
You spent 36 gold pieces at shops.

Inventory:

Hand Weapons
 c - a +2 mace of electrocution
Armour
 y - a +2 pair of gloves (worn)
 B - the +1 cloak "Toh Taig" {+Inv rElec Str+7 Stlth-, unknown}
   (Okawaru gifted it to you on level 2 of the Orcish Mines)

   It affects your strength (+7).
   It insulates you from electricity.
   It lets you turn invisible.
   It makes you less stealthy.
 C - a +2 helmet (worn)
 G - the +1 scale mail of the Big Bang (worn) {Regen+}
   (Okawaru gifted it to you on level 3 of the Lair of Beasts)

   It increases your rate of regeneration.
 N - the +9 armour of the Dragon King {rPois rF+ rC+ MR+}
   (You found it on level 1 of the Lair of Beasts)

   It protects you from fire.
   It protects you from cold.
   It protects you from poison.
   It affects your resistance to hostile enchantments.
 O - a +2 pair of boots
Jewellery
 d - an uncursed ring of stealth
 k - the ring "Heize" (left hand) {rElec rPois MR+ Int+4}
   (You found it on level 14 of the Dungeon)

   [ring of poison resistance]

   It affects your intelligence (+4).
   It insulates you from electricity.
   It protects you from poison.
   It affects your resistance to hostile enchantments.
 u - the ring of Gozag's Benevolence (right hand) {rElec Int+7 SInv}
   (You found it on level 15 of the Dungeon)

   [ring of see invisible]

   It affects your intelligence (+7).
   It insulates you from electricity.
   It lets you see invisible.
 E - an uncursed ring of positive energy
 W - a +3 amulet of reflection (around neck)
Wands
 T - a wand of hasting (1/9)
Scrolls
 h - 5 scrolls of teleportation
 m - 9 scrolls of recharging
 v - 12 scrolls of remove curse
 w - a scroll of enchant weapon
 z - a scroll of blinking
 A - 2 scrolls of fog
 L - 3 scrolls of magic mapping
 R - 3 scrolls of amnesia
Potions
 a - 3 potions of curing
 e - 2 potions of magic
 f - 2 potions of resistance
 j - a potion of mutation {unknown}
 l - 3 potions of heal wounds
 n - 2 potions of berserk rage
 o - 6 potions of agility
 q - 2 potions of invisibility {unknown}
 r - 5 potions of brilliance
 s - a potion of ambrosia {unknown}
 x - a potion of might
 F - 6 potions of cancellation
 I - a potion of lignification
 J - 3 potions of haste
 K - 3 potions of flight
 P - a potion of cure mutation {unknown}
Books
 g - a book of Geomancy

   Spells                             Type                      Level
   a - Sandblast                      Earth                        1
   b - Passwall                       Transmutation/Earth          2
   c - Stone Arrow                    Conjuration/Earth            3
   d - Petrify                        Transmutation/Earth          4
   e - Lee's Rapid Deconstruction     Earth                        5
 t - a book of Minor Magic

   Spells                             Type                      Level
   a - Magic Dart                     Conjuration                  1
   b - Blink                          Translocation                2
   c - Call Imp                       Summoning                    2
   d - Repel Missiles                 Charms/Air                   2
   e - Slow                           Hexes                        2
   f - Conjure Flame                  Conjuration/Fire             3
   g - Mephitic Cloud                 Conjuration/Poison/Air       3
 Q - a book of Misfortune

   Spells                             Type                      Level
   a - Confusing Touch                Hexes                        1
   b - Confuse                        Hexes                        3
   c - Gell's Gravitas                Hexes/Translocation          3
   d - Petrify                        Transmutation/Earth          4
   e - Metabolic Englaciation         Hexes/Ice                    5
   f - Yara's Violent Unravelling     Hexes/Transmutation          5
 X - a book of Beasts

   Spells                             Type                      Level
   a - Summon Butterflies             Summoning                    1
   b - Call Canine Familiar           Summoning                    3
   c - Summon Ice Beast               Ice/Summoning                4
   d - Summon Mana Viper              Hexes/Summoning              5
   e - Summon Hydra                   Summoning                    7
Comestibles
 b - 11 bread rations
 i - 2 slices of pizza
 p - 8 meat rations
 D - 4 beef jerkies
 H - 23 fruits
 M - 4 chunks of flesh
 Z - 7 royal jellies


   Skills:
 + Level 13.0(15.0) Fighting
 + Level 10.6(12.7) Armour
 + Level 11.9(13.9) Dodging
 - Level 1.7(4.4) Stealth
 * Level 15.8(17.6) Unarmed Combat
 - Level 11.4(8.8) Invocations


You had 14 spell levels left.
You didn't know any spells.

Dungeon Overview and Level Annotations

Branches:
Dungeon (15/15)            Temple (0/1) D:4            Lair (6/6) D:11
 Shoals (0/4) Lair:2       Spider (0/4) Lair:4        Slime (0/5) Lair:5
    Orc (2/2) D:12         Vaults (0/5) D:14         Depths (0/5) D:15
    Elf: Orc:2

Altars:
Ashenzari
Cheibriados
Elyvilon
Fedhas
Gozag
Hepliaklqana
Makhleb
Nemelex Xobeh
Okawaru
Sif Muna
Trog
Vehumet
Yredelemnul
Zin
The Shining One
Jiyva

Shops:
Orc:2 %!

Portals:
Trove: D:15 (give 2 scrolls of acquirement)

Annotations:
D:7 exclusion: oklob plant
D:8 Maurice
D:11 exclusion: obsidian statue
Lair:3 Sonja


Innate Abilities, Weirdness & Mutations

You have razor-sharp toenails.
You are surrounded by a mild repulsion field. (EV +2)
A demonic guardian rushes to your aid.
You are completely attuned to the shadows.
Your mind is acute. (Int +2)
Potions and wands are less effective at restoring your health.


Message History

* * * LOW HITPOINT WARNING * * *
The orc sorcerer hits you but does no damage.
You can move again.
Unknown command.
Unknown command.
Unknown command.
Unknown command.
Unknown command.
You pummel the orc sorcerer!!
You kill the orc sorcerer!
Okawaru accepts your kill.
The neqoxec disappears in a puff of smoke!
You closely miss the orc knight.
The orc knight is moderately wounded.
Your orange demon barely misses the orc knight.
Your orange demon hits the orc knight but does no damage.
The orc knight hits you with a great sword of draining!
* * * LOW HITPOINT WARNING * * *
You feel drained.
You die...

..........##
......)...#
..........###
.........###.##
........###...##
.......###.....##
......##
.#.).#.## ....###
....).o)## ...##
.#3#.#4@.## ...#
#)o.##ยง.)## ..##
..#..##...## .##
.### ##)).## ##
##)#)## # ##...#
## ##.#.##
....... .## ...#
##)..## ........
.)###...##
##.).## ........


You could see an orc knight and a friendly orange demon.

Vanquished Creatures
  Rupert (D:14)
  An orc warlord (Orc:2)
  Azrael (D:14)
  2 fire dragons
  The ghost of XO4YCPATb the Bludgeoner, a journeyman OgBe of Trog (D:11)
  2 ogre magi
  7 hydras
  2 centaur warriors
  2 tengu warriors (D:13)
  9 death yaks
  3 orc high priests (Orc:2)
  A soul eater (Orc:2)
  3 unseen horrors
  A wizard (D:15)
  Pikel (D:7)
  4 hill giants
  2 orc knights
  19 ugly things
  3 orc sorcerers (Orc:2)
  4 manticores
  5 cyclopes
  8 elephants
  3 centaur zombies
  A rust devil (Orc:2)
  A siren (Lair:2)
  A water nymph (shapeshifter) (D:13)
  8 black mambas
  2 gargoyles
  9 spiny frogs
  4 rime drakes
  2 kobold demonologists (D:15)
  7 komodo dragons
  A yaktaur (D:15)
  An ice devil (Orc:2)
  A queen bee (D:12)
  6 trolls
  2 merfolk
  A polar bear (Lair:6)
  A jumping spider (shapeshifter) (D:15)
  3 jumping spiders (Lair:4)
  10 dream sheep
  A dream sheep (shapeshifter) (D:15)
  5 two-headed ogres
  10 blink frogs
  8 slime creatures (D:15)
  9 hippogriffs
  A redback (shapeshifter) (D:15)
  6 wyverns
  A vampire (D:9)
  A shadow (D:15)
  14 yaks
  2 wraiths
  4 basilisks
  A hungry ghost (D:12)
  3 steam dragons (Lair:6)
  A neqoxec (Orc:2)
  A chaos spawn (Orc:2)
  6 fire elementals (D:14)
  A hog (shapeshifter) (D:15)
  A mottled dragon (Lair:6)
  A warg (Orc:2)
  A soldier ant (D:12)
  2 hell hounds (D:14)
  6 porcupines
  24 water moccasins
  8 ice beasts
  40 orc warriors
  A swamp drake (Lair:6)
  3 sky beasts
  An eye of draining (D:14)
  15 ogres
  4 centaurs
  24 wolves
  4 big kobolds
  17 crocodiles
  19 bullfrogs
  A gnoll sergeant (D:9)
  A wyvern zombie (D:13)
  2 scorpions
  A water moccasin skeleton (D:10)
  29 killer bees
  3 electric eels
  9 wights
  7 crimson imps
  3 jellies
  A lava snake (D:14)
  A bullfrog zombie (D:9)
  6 centaur skeletons
  A gnoll shaman (D:10)
  3 quasits
  27 orc priests
  5 hounds
  2 iguanas
  16 orc wizards
  15 worker ants
  3 bullfrog simulacra (D:9)
  A hound zombie (D:11)
  9 gnolls
  10 adders
  3 shadow imps
  4 white imps (D:9)
  3 ufetubi (D:9)
  4 oozes
  2 adder zombies
  2 adder skeletons
  6 worms
  An adder simulacrum (D:9)
  A dart slug (D:1)
  A leopard gecko (D:9)
  113 orcs
  5 giant cockroaches
  13 goblins
  8 hobgoblins
  12 jackals
  4 quokkas
  A ball python (D:1)
  8 bats
  9 frilled lizards
  10 kobolds
  2 leopard gecko skeletons
  7 rats
767 creatures vanquished.

Vanquished Creatures (collateral kills)
  Agnes (D:14)
  Snorg (Lair:3)
  3 hydras
  A catoblepas (Lair:6)
  6 death yaks (Lair:6)
  A glowing orange brain (D:15)
  A lindwurm (Lair:6)
  2 hill giants
  An orc knight (Orc:2)
  A wolf spider (Lair:4)
  An orc sorcerer (Orc:2)
  3 ugly things
  6 elephants
  A black mamba (Lair:1)
  A centaur zombie (D:14)
  A gargoyle (D:12)
  2 spiny frogs (Lair:6)
  2 komodo dragons
  The ghost of azzavlup the Covert, a novice OpAs (D:4)
  A merfolk (Lair:2)
  2 trolls
  4 polar bears (D:9)
  2 blink frogs (Lair:6)
  Grinder (D:6)
  3 hippogriffs
  5 dream sheep (Lair:6)
  2 wyverns
  13 yaks
  3 basilisks
  A hell hound (D:14)
  A porcupine (Lair:1)
  3 orc warriors
  2 ice beasts (D:9)
  4 slaves (D:7)
  2 ogres
  A necrophage (D:9)
  3 wolves
  2 crocodiles (Lair:6)
  2 wights (D:5)
  2 orc priests (D:4)
  An iguana (D:9)
  An orc wizard (Orc:2)
  2 worker ants
  An adder (D:6)
  A hound simulacrum (D:9)
  An ooze (D:7)
  4 orcs
  A kobold (D:10)
107 creatures vanquished.

Vanquished Creatures (others)
  An orc (D:14)
  13 fungi
  27 plants
41 creatures vanquished.

Grand Total: 915 creatures vanquished

Notes
Turn   | Place    | Note
-------+----------+-------------------------------------------
     0 | D:1      | kae the Demonspawn Monk began the quest for the Orb.
     0 | D:1      | Reached XP level 1. HP: 18/18 MP: 1/1
   306 | D:1      | Gained mutation: A weak demonic guardian rushes to your aid. [demonic ancestry]
   306 | D:1      | Reached XP level 2. HP: 17/24 MP: 2/2
   519 | D:1      | Reached skill level 3 in Unarmed Combat
  1060 | D:2      | Reached XP level 3. HP: 29/29 MP: 3/3
  1387 | D:2      | Found a basalt altar of Yredelemnul.
  1581 | D:2      | Gained mutation: A demonic guardian rushes to your aid. [demonic ancestry]
  1581 | D:2      | Reached XP level 4. HP: 35/36 MP: 4/4
  1693 | D:2      | Found a burning altar of Makhleb.
  2692 | D:3      | Found a white marble altar of Elyvilon.
  2694 | D:3      | Found a glowing silver altar of Zin.
  2696 | D:3      | Found an iron altar of Okawaru.
  2697 | D:3      | Found a glowing golden altar of the Shining One.
  2703 | D:3      | Became a worshipper of Warmaster Okawaru
  2703 | D:3      | Reached * piety under Okawaru
  2703 | D:3      | Reached ** piety under Okawaru
  2806 | D:4      | Reached skill level 4 in Unarmed Combat
  2806 | D:4      | Gained mutation: You are slightly more attuned to the shadows. [demonic ancestry]
  2806 | D:4      | Reached XP level 5. HP: 42/42 MP: 5/5
  3191 | D:4      | Noticed azzavlup's ghost (novice OpAs)
  3471 | D:4      | Found a staircase to the Ecumenical Temple.
  3507 | D:4      | Gained mutation: You are significantly more attuned to the shadows. [demonic ancestry]
  3507 | D:4      | Reached XP level 6. HP: 36/48 MP: 6/6
  3708 | D:4      | Found a bloodstained altar of Trog.
  4013 | D:4      | Killed azzavlup's ghost
  4013 | D:4      | Reached *** piety under Okawaru
  4013 | D:4      | Reached skill level 5 in Unarmed Combat
  4020 | D:5      | Entered Level 5 of the Dungeon
  4228 | D:5      | Reached XP level 7. HP: 53/55 MP: 7/7
  4529 | D:5      | Reached skill level 5 in Fighting
  5427 | D:5      | Found a sparkling altar of Nemelex Xobeh.
  5921 | D:5      | Reached skill level 6 in Unarmed Combat
  5939 | D:5      | Found a deep blue altar of Sif Muna.
  6827 | D:6      | Found a radiant altar of Vehumet.
  6986 | D:6      | Noticed Grinder
  6992 | D:6      | Killed Grinder
  6992 | D:6      | Reached skill level 5 in Dodging
  6992 | D:6      | Reached XP level 8. HP: 63/63 MP: 8/8
  7210 | D:6      | Reached **** piety under Okawaru
  7258 | D:6      | Reached skill level 1 in Invocations
  8519 | D:6      | Reached skill level 7 in Unarmed Combat
  8729 | D:6      | Found an opulent altar of Gozag.
  8798 | D:7      | Noticed Pikel
  8919 | D:7      | Killed Pikel
  9260 | D:7      | Found a bloodstained altar of Trog.
  9620 | D:7      | Found a blossoming altar of Fedhas.
  9779 | D:7      | Noticed an oklob plant
 10281 | D:8      | Found a snail-covered altar of Cheibriados.
 10532 | D:8      | Gained mutation: You are completely attuned to the shadows. [demonic ancestry]
 10532 | D:8      | Reached XP level 9. HP: 45/71 MP: 10/12
 10681 | D:8      | Noticed Maurice
 11448 | D:8      | Reached skill level 8 in Unarmed Combat
 11636 | D:9      | Reached ***** piety under Okawaru
 11759 | D:9      | Noticed a polar bear
 11770 | D:9      | Killed a polar bear
 11851 | D:9      | Reached skill level 5 in Invocations
 12200 | D:9      | Reached skill level 9 in Unarmed Combat
 12301 | D:9      | Noticed a polar bear
 12308 | D:9      | Killed a polar bear
 12376 | D:9      | Noticed a polar bear
 12721 | D:9      | Killed a polar bear
 12721 | D:9      | Gained mutation: You have sharp toenails. [demonic ancestry]
 12721 | D:9      | Reached XP level 10. HP: 71/79 MP: 14/14
 12738 | D:9      | Received a gift from Okawaru
 12814 | D:9      | Noticed a death yak
 12824 | D:9      | Killed a death yak
 13970 | D:9      | Reached skill level 10 in Unarmed Combat
 14686 | D:10     | Entered Level 10 of the Dungeon
 14793 | D:10     | Found a flagged portal.
 14805 | Bailey   | Entered a bailey
 15209 | Bailey   | Noticed an orc knight
 15580 | D:10     | You fall through a shaft for 3 floors!
 15756 | D:11     | Found a staircase to the Lair.
 15790 | D:11     | Noticed a hill giant
 15806 | D:11     | Killed a hill giant
 15806 | D:11     | Gained mutation: You have razor-sharp toenails. [demonic ancestry]
 15806 | D:11     | Reached XP level 11. HP: 71/87 MP: 17/17
 16412 | D:10     | Received a gift from Okawaru
 16586 | D:11     | Noticed XO4YCPATb's ghost (journeyman OgBe)
 16597 | D:11     | Killed XO4YCPATb's ghost
 16712 | D:11     | Noticed a green ugly thing
 16730 | D:11     | Killed a green ugly thing
 17075 | D:11     | Reached skill level 11 in Unarmed Combat
 17347 | D:11     | Noticed an obsidian statue
 17962 | D:11     | Noticed a hill giant
 17968 | D:11     | Killed a hill giant
 18050 | D:11     | Noticed a red ugly thing
 18141 | D:11     | Killed a red ugly thing
 18653 | D:11     | Noticed a hill giant
 18665 | D:11     | Killed a hill giant
 18854 | Lair:1   | Entered Level 1 of the Lair of Beasts
 18971 | Lair:1   | Noticed a six-headed hydra
 19938 | Lair:1   | Killed a six-headed hydra
 19938 | Lair:1   | Reached skill level 1 in Armour
 20280 | Lair:2   | Noticed a six-headed hydra
 20294 | Lair:2   | Killed a six-headed hydra
 20294 | Lair:2   | Received a gift from Okawaru
 20298 | Lair:2   | HP: 3/90 [black mamba (5)]
 20641 | Lair:2   | Reached XP level 12. HP: 97/97 MP: 16/19
 20653 | Lair:2   | Reached skill level 10 in Invocations
 20656 | Lair:2   | Noticed a four-headed hydra
 20669 | Lair:1   | Killed a four-headed hydra
 20687 | Lair:1   | Reached ****** piety under Okawaru
 21256 | Lair:2   | Received a gift from Okawaru
 21276 | Lair:2   | Reached skill level 10 in Fighting
 21279 | Lair:2   | Reached skill level 12 in Unarmed Combat
 22051 | Lair:2   | Found a staircase to the Shoals.
 22642 | Lair:3   | Received a gift from Okawaru
 22645 | Lair:3   | Got a pitted scale mail {god gift}
 22711 | Lair:3   | Identified the +1 scale mail of the Big Bang {Regen+} (Okawaru gifted it to you on level 3 of the Lair of Beasts)
 22847 | Lair:3   | Noticed Snorg
 22992 | Lair:3   | Noticed Sonja
 23350 | Lair:3   | Reached skill level 5 in Armour
 23505 | Lair:3   | Noticed an eight-headed hydra
 23518 | Lair:3   | Killed an eight-headed hydra
 24349 | Lair:3   | Killed Snorg
 24572 | Lair:4   | Noticed an eight-headed hydra
 24580 | Lair:4   | Killed an eight-headed hydra
 24595 | Lair:4   | Gained mutation: You are surrounded by a mild repulsion field. (EV +2) [demonic ancestry]
 24595 | Lair:4   | Reached XP level 13. HP: 17/104 MP: 21/21
 24829 | Lair:4   | Found a hole to the Spider Nest.
 25980 | Lair:5   | Reached skill level 13 in Unarmed Combat
 26026 | Lair:5   | Found a viscous altar of Jiyva.
 26026 | Lair:5   | Found a staircase to the Slime Pits.
 26897 | Lair:5   | HP: 5/105 [poisoned by a black mamba]
 26901 | Lair:5   | HP: 2/105 [poisoned by a black mamba]
 26906 | Lair:5   | HP: 2/105 [poisoned by a black mamba]
 26912 | Lair:5   | HP: 2/105 [poisoned by a black mamba]
 26918 | Lair:5   | HP: 3/105 [poisoned by a black mamba]
 26925 | Lair:5   | HP: 5/105 [poisoned by a black mamba]
 27214 | Lair:6   | Entered Level 6 of the Lair of Beasts
 27224 | Lair:6   | Received a gift from Okawaru
 27561 | Lair:6   | Reached skill level 10 in Dodging
 28166 | Lair:6   | Received a gift from Okawaru
 28320 | Lair:6   | Reached XP level 14. HP: 93/113 MP: 22/22
 29693 | Lair:6   | Reached skill level 14 in Unarmed Combat
 30209 | Lair:6   | Received a gift from Okawaru
 31328 | D:12     | Found a hazy altar of Hepliaklqana.
 31745 | D:12     | Found a staircase to the Orcish Mines.
 32467 | D:12     | Received a gift from Okawaru
 32925 | D:13     | Received a gift from Okawaru
 33603 | D:14     | Got a slimy bronze ring
 33632 | D:14     | Noticed Rupert
 33652 | D:14     | Killed Rupert
 33959 | D:14     | Noticed Azrael
 34256 | D:14     | Killed Azrael
 34595 | D:14     | Reached XP level 15. HP: 110/121 MP: 23/23
 34706 | D:14     | Noticed Agnes
 34713 | D:14     | Killed Agnes
 34993 | D:14     | Identified the ring "Heize" {rElec rPois MR+ Int+4} (You found it on level 14 of the Dungeon)
 35094 | D:14     | Found a gate to the Vaults.
 35594 | D:15     | Entered Level 15 of the Dungeon
 35633 | D:15     | Got a warped amber ring
 35648 | D:15     | Found a shattered altar of Ashenzari.
 35667 | D:15     | Identified the ring of Gozag's Benevolence {rElec Int+7 SInv} (You found it on level 15 of the Dungeon)
 35674 | D:15     | Reached skill level 15 in Unarmed Combat
 35984 | D:15     | Reached skill level 10 in Armour
 36126 | D:15     | Found a portal to a secret trove of treasure.
 36711 | D:15     | Received a gift from Okawaru
 36730 | D:15     | Found a staircase to the Depths.
 38011 | Orc:1    | Entered Level 1 of the Orcish Mines
 38311 | Orc:2    | Entered Level 2 of the Orcish Mines
 38636 | Orc:2    | Noticed an orc warlord
 38842 | Orc:2    | Killed an orc warlord
 39395 | Orc:2    | Found Imotaste's Food Boutique.
 39515 | Orc:2    | Found Erimu's Distillery.
 39520 | Orc:2    | Bought a potion of lignification for 36 gold pieces
 39683 | Orc:2    | Received a gift from Okawaru
 39829 | Orc:2    | Got a distressingly furry cloak {god gift}
 39887 | Orc:2    | Gained mutation: Your mind is acute. (Int +2) [a neqoxec]
 39893 | Orc:2    | Paralysed by an orc sorcerer for 4 turns
 39896 | Orc:2    | Gained mutation: Potions and wands are less effective at restoring your health. [a neqoxec]
 39899 | Orc:2    | HP: 4/123 [orc knight/great sword of draining (12)]
 39899 | Orc:2    | Slain by an orc knight

Skill      XL: |  1  2  3  4  5  6  7  8  9 10 11 12 13 14 15 |
---------------+----------------------------------------------+-----
Unarmed Combat | 3 4 5 6 7 9 10 11 12 13 14 15 | 15.8
Dodging        | 3 4 5 6 7 8 9 10 11 | 11.9
Fighting       | 4 5 6 7 8 9 10 11 12 13 | 13.0
Invocations    | 4 6 8 9 11 | 11.4
Armour         | 2 5 8 9 10 | 10.6
Stealth        | |  1.7

Action                   |  1- 3 |  4- 6 |  7- 9 | 10-12 | 13-15 || total
-------------------------+-------+-------+-------+-------+-------++-------
Melee: Mace              |    92 |   176 |   555 |       |       ||   823
       Punch             |       |     4 |    20 |    47 |   175 ||   246
       Unarmed           |       |       |   159 |   884 |  2316 ||  3359
       Kick              |       |       |       |   267 |   130 ||   397
Invok: Heroism           |       |       |     5 |    31 |    39 ||    75
  Use: Scroll            |     4 |     3 |    11 |     9 |    11 ||    38
       Potion            |       |       |     2 |     5 |     1 ||     8
 Stab: Sleeping          |     5 |    13 |    14 |    24 |    19 ||    75
       Distracted        |       |     1 |     3 |     7 |    14 ||    25
  Eat: Chunk             |     1 |    10 |    21 |    32 |    56 ||   120
       Pizza             |       |       |     2 |       |       ||     2
       Bread ration      |       |       |     1 |       |       ||     1
       Fruit             |       |       |       |     5 |     1 ||     6
       Beef jerky        |       |       |       |     1 |     1 ||     2
Armor: Robe              |    20 |    16 |   158 |    73 |       ||   267
       Gold dragon scale |       |       |       |   315 |  1023 ||  1338
       Scale mail        |       |       |       |    55 |   332 ||   387
Dodge: Dodged            |    94 |   131 |   626 |   461 |  1161 ||  2473
Block: Other             |       |       |       |       |   115 ||   115
       Reflection        |       |       |       |       |     1 ||     1
